 Dungeon Crawl Stone Soup version 0.19.5 (webtiles) character file.

74 Heathenbot the Poker (level 4, 0/51 HPs)
             Began as a Merfolk Skald on Mar 4, 2017.
             Slain by Blork the orc
             ... wielding a +0 long sword
              (4 damage)
             ... on level 4 of the Dungeon.
             The game lasted 00:12:11 (1383 turns).

Heathenbot the Poker (Merfolk Skald)                Turns: 1383, Time: 00:12:12

Health: 0/51       AC: 22    Str:  9 (12) XL:     4   Next: 30%
Magic:  4/7        EV:  2    Int: 15 (17) God:
Gold:   38         SH:  0    Dex: 10 (13) Spells: 2 memorised, 5 levels left

rFire  . . .     SeeInvis .     a - +0 spear
rCold  . . .     Gourm    .     (armour currently unavailable)
rNeg   + + +     Faith    .     (no shield)
rPois  +         Spirit   .     (helmet currently unavailable)
rElec  .         Reflect  .     (cloak currently unavailable)
rCorr  .         Harm     .     (gloves currently unavailable)
MR     .....     NoTele   +     (boots currently unavailable)
Stlth  +.........               (no amulet)
                                (no ring)
                                (no ring)

@: brilliant, tree-form
A: (change form in water), (swift swim), (stealthy swim), low mp 1, (electricity
resistance)
a: no special abilities


You were on level 4 of the Dungeon.
You were not hungry.
You were a tree.
You visited 1 branch of the dungeon, and saw 3 of its levels.

You collected 38 gold pieces.

Inventory:

Hand Weapons
 a - a +0 spear (weapon)
Armour
 b - a +0 leather armour
 g - a +3 leather armour (melded)
 h - a +2 pair of gloves
 j - a +0 ring mail
 r - a +2 pair of boots (melded)
Scrolls
 n - 3 scrolls of remove curse
Potions
 f - a potion of degeneration
 k - a potion of flight
Books
 c - a book of Battle

   Spells                             Type                      Level
   a - Infusion                       Charms                       1
   b - Shroud of Golubria             Charms/Translocation         2
   c - Song of Slaying                Charms                       2
   d - Spectral Weapon                Hexes/Charms                 3
   e - Regeneration                   Charms/Necromancy            3
Comestibles
 d - 2 bread rations
 i - a beef jerky
 q - 3 chunks of flesh


   Skills:
 - Level 2.3 Fighting
 - Level 4.1 Polearms
 - Level 0.7 Armour
 * Level 2.5 Dodging
 + Level 2.6 Spellcasting
 * Level 3.8 Charms


You had 5 spell levels left.
You knew the following spells:

 Your Spells              Type           Power        Failure   Level  Hunger
a - Infusion              Chrm           ###.         1%          1    #......
b - Song of Slaying       Chrm           ###.....     1%          2    ##.....


Dungeon Overview and Level Annotations

Branches:
Dungeon (2/15)

Altars:
Xom

Annotations:
D:4 Blork the orc


Innate Abilities, Weirdness & Mutations

((You revert to your normal form in water.))
((You are very nimble and swift while swimming.))
((You are very stealthy in the water. (Stealth+)))
Your magical capacity is low. (-10% MP)
((You are resistant to electric shocks. (rElec)))


Message History

You hit the iguana!
The iguana is almost dead.
The iguana bites you but does no damage.
You hit the iguana but do no damage.
The iguana is almost dead.
The iguana bites you but does no damage.
You hit the iguana.
You kill the iguana!
You feel your intelligence returning.
You have reached level 4!
You hit something. Something hits you.
* * * LOW HITPOINT WARNING * * *
You miss something.
You are no longer magically infusing your attacks.
Something hits you but does no damage.
You hit something. Something hits you.
* * * LOW HITPOINT WARNING * * *
You closely miss something. Something hits you but does no damage.
Something hits you.
You die...

#############
#..........l####
#..............#
#..#.###.###.#†#
#..#.#.....#.#♣#
###..###.#.#.###.#
.................#####
.....###.#.#.###.....#
#....#..)#.#...#.###.#
##l#.#.###.###.#.#
#.##########
#.#..............#
#..........#
o###.#.#..####...#
##########.# ##
##..#..##..§§§# #.#


There were no monsters in sight!

Vanquished Creatures
  An iguana (D:4)
  An ooze (D:1)
  2 worms
  2 dart slugs (D:1)
  A leopard gecko (D:4)
  3 bats (D:1)
  4 giant cockroaches
  4 goblins
  4 hobgoblins (D:1)
  4 frilled lizards
  2 kobolds (D:1)
  3 rats (D:1)
31 creatures vanquished.

Notes
Turn   | Place    | Note
-------+----------+-------------------------------------------
     0 | D:1      | Heathenbot the Merfolk Skald began the quest for the Orb.
     0 | D:1      | Reached XP level 1. HP: 16/16 MP: 3/3
   142 | D:1      | Reached XP level 2. HP: 21/23 MP: 5/5
   477 | D:1      | Reached XP level 3. HP: 24/28 MP: 3/6
   657 | D:1      | Reached skill level 4 in Polearms
   730 | D:1      | Found a shimmering altar of Xom.
   732 | D:1      | Found a white marble altar of Elyvilon.
   732 | D:1      | Found a snail-covered altar of Cheibriados.
   739 | D:1      | Found an opulent altar of Gozag.
   739 | D:1      | Found a blossoming altar of Fedhas.
   739 | D:1      | Found a glowing golden altar of the Shining One.
  1086 | D:2      | Learned a level 2 spell: Song of Slaying
  1156 | D:2      | You fall through a shaft for 2 floors!
  1266 | D:4      | Found a shimmering altar of Xom.
  1334 | D:4      | Noticed Blork the orc
  1367 | D:4      | Gained mutation: Your magical capacity is low. (-10% MP) [potion of mutation]
  1367 | D:4      | Gained mutation: You are resistant to electric shocks. (rElec) [potion of mutation]
  1379 | D:4      | Reached XP level 4. HP: 12/34 MP: 4/7
  1383 | D:4      | Slain by Blork the orc

Skill      XL: |  1  2  3 |
---------------+----------+-----
Polearms       | 4 |  4.1
Dodging        | 2 |  2.5
Fighting       | |  2.3
Armour         | |  0.7
Spellcasting   | |  2.6
Charms         | |  3.8

Action                   |  1- 3 |  4- 6 || total
-------------------------+-------+-------++-------
Melee: Spear             |   137 |     4 ||   141
 Cast: Infusion          |    13 |       ||    13
       Song of Slaying   |     1 |       ||     1
  Use: Scroll            |     6 |       ||     6
       Potion            |     6 |       ||     6
  Eat: Chunk             |     2 |       ||     2
Armor: Leather armour    |    38 |       ||    38
       Skin              |     4 |     2 ||     6
Dodge: Dodged            |    66 |       ||    66
